 Dungeon Crawl Stone Soup version 0.17.0-57-g0e89251 (webtiles) character file.

8712 rutigerpupkin the Arsonist (level 11, -23/64 HPs)
             Began as a Gargoyle Fire Elementalist on Dec 7, 2015.
             Was a Believer of Vehumet.
             Killed by the air
             ... invoked by Gastronok
              (29 damage)
             ... on level 9 of the Dungeon.
             The game lasted 00:42:30 (12132 turns).

rutigerpupkin the Arsonist (GrFE)                  Turns: 12132, Time: 00:42:30

Health: -23/64     AC: 17    Str: 13    XL:     11   Next: 35%
Magic:  3/22       EV: 16    Int: 18    God:    Vehumet [**....]
Gold:   575        SH: 11    Dex: 10    Spells: 5 memorised, 9 levels left

rFire  + . .     SeeInvis .     W - +0 mace (protect)
rCold  + . .     Clarity  .     R - +0 robe {rC+ rF+}
rNeg   + . .     SustAt   +     E - +2 shield
rPois  ∞         Gourm    .     y - +0 helmet
rElec  +         Spirit   .     u - +0 cloak
rCorr  .         Warding  .     (no gloves)
rMut   .         Stasis   .     f - +0 pair of boots
MR     .....                    (no amulet)
Stlth  ++........               t - ring of sustain attributes
                                n - +5 ring of evasion

@: slowed, very slow, not resistant to hostile enchantments, unstealthy
A: negative energy resistance 1, electricity resistance, unbreathing,
petrification resistance, rot immunity, AC +7
a: Renounce Religion


You were on level 9 of the Dungeon.
You worshipped Vehumet.
Vehumet was pleased with you.
You were hungry.

You visited 2 branches of the dungeon, and saw 10 of its levels.

You collected 575 gold pieces.

Inventory:

Hand Weapons
 I - a +2 mace of freezing
 W - a +0 mace of protection (weapon)
 X - a +1 whip of freezing
 Z - a +3 flail
Missiles
 r - 55 poisoned needles
 M - 2 throwing nets (quivered)
Armour
 f - a +0 pair of boots (worn)
 u - a +0 cloak (worn)
 y - a +0 helmet (worn)
 E - a +2 shield (worn)
 R - a +0 robe of resistance (worn)
Magical Staves
 L - an uncursed staff of death
Jewellery
 n - a +5 ring of evasion (left hand)
 t - a ring of sustain attributes (right hand)
 v - an uncursed ring of protection from fire
 J - a +2 ring of dexterity
Wands
 w - a wand of paralysis (12)
 C - a wand of polymorph (6)
 V - a wand of confusion (27)
Scrolls
 e - 3 scrolls of magic mapping {unknown}
 g - 2 scrolls of amnesia {unknown}
 i - 9 scrolls of remove curse
 j - 13 scrolls of identify {unknown}
 l - 3 scrolls of enchant weapon {unknown}
 o - 4 scrolls of noise {unknown}
 q - 4 scrolls of blinking {unknown}
 s - 3 scrolls of recharging {unknown}
 x - 2 scrolls of immolation {unknown}
 O - 4 scrolls of teleportation {unknown}
 U - a scroll of vulnerability {unknown}
Potions
 d - 3 potions of degeneration {unknown}
 k - 2 potions of lignification {unknown}
 m - 3 potions of agility {unknown}
 z - 3 potions of poison {unknown}
 A - 3 potions of magic {unknown}
 D - a potion of cancellation {unknown}
 F - a potion of flight {unknown}
 H - a potion of invisibility {unknown}
 N - 2 potions of curing {unknown}
Books
 b - a book of Flames

   Spells                             Type                      Level
   a - Flame Tongue                   Conjuration/Fire             1
   b - Throw Flame                    Conjuration/Fire             2
   c - Conjure Flame                  Conjuration/Fire             3
   d - Inner Flame                    Hexes/Fire                   3
   e - Sticky Flame                   Conjuration/Fire             4
   f - Fireball                       Conjuration/Fire             5
 G - a book of Geomancy

   Spells                             Type                      Level
   a - Sandblast                      Earth                        1
   b - Stoneskin                      Transmutation/Earth          2
   c - Passwall                       Transmutation/Earth          3
   d - Stone Arrow                    Conjuration/Earth            3
   e - Petrify                        Transmutation/Earth          4
   f - Lee's Rapid Deconstruction     Earth                        5
 P - an Akashic Record

   Spells                             Type                      Level
   a - Dispersal                      Translocation                6
   b - Malign Gateway                 Summoning/Translocation      7
   c - Disjunction                    Translocation                8
   d - Controlled Blink               Translocation                8
 Y - a book of the Dragon

   Spells                             Type                      Level
   a - Flame Tongue                   Conjuration/Fire             1
   b - Cause Fear                     Hexes                        4
   c - Bolt of Fire                   Conjuration/Fire             6
   d - Dragon Form                    Transmutation                7
   e - Dragon's Call                  Summoning                    9
Comestibles
 c - 7 bread rations
 h - 4 meat rations
 B - 9 royal jellies
 K - 6 fruits


   Skills:
 + Level 5.6 Fighting
 + Level 3.0 Dodging
 - Level 2.1 Stealth
 + Level 5.9 Shields
 + Level 7.8 Spellcasting
 + Level 7.4 Conjurations
 * Level 10.4 Fire Magic
 + Level 5.2 Earth Magic


You had 9 spell levels left.
You knew the following spells:

 Your Spells              Type           Power        Failure   Level  Hunger
a - Flame Tongue          Conj/Fire      #####        1%          1    None
b - Conjure Flame         Conj/Fire      #####...     2%          3    #......
c - Stone Arrow           Conj/Erth      ####..       10%         3    #......
f - Fireball              Conj/Fire      #####.....   28%         5    #####..
g - Sticky Flame          Conj/Fire      #####...     12%         4    ###....


Dungeon Overview and Level Annotations

Branches:
Dungeon (9/15)             Temple (1/1) D:7
   Lair: D:8-11         Orc: D:9-12

Altars:
Ashenzari
Cheibriados
Dithmenos
Elyvilon
Fedhas
Gozag
Kikubaaqudgha
Makhleb
Nemelex Xobeh
Okawaru
Qazlal
Ru
Sif Muna
Trog
Vehumet
Xom
Yredelemnul
Zin
The Shining One

Annotations:
D:3 bracobe's ghost, amateur DDFi
D:5 bracobe's ghost, amateur DDFi
D:9 Gastronok


Innate Abilities, Weirdness & Mutations

You are resistant to torment.
Your stone body is resilient (AC +7).
You are immune to poison.
You resist negative energy.
You are resistant to electric shocks.
You can survive without breathing.
You are immune to petrification.
You are immune to rotting.


Message History

Casting: Flame Tongue
Confirm with . or Enter, or press ? or * to list all spells.
Aiming: Flame Tongue
Press: ? - help, Shift-Dir - straight line, f/p - Gastronok
Aim: Gastronok, wearing an embroidered hat (almost dead)
The flame tongue hits Gastronok.
Gastronok is almost dead.
Gastronok's eyestalks quiver as he mumbles some strange words.
The river rat closely misses you.
The river rat bites you but does no damage.
Gastronok waves his eye-stalks in wide circles.
The air twists around and strikes you! You block the river rat's attack.
Gastronok waves his eye-stalks in wide circles.
The air twists around and strikes you!
* * * LOW HITPOINT WARNING * * *
You block the river rat's attack.
Gastronok waves his eye-stalks in wide circles.
The air twists around and strikes you!
You die...

#...(....# ..
#........# #####....
#........####w§.'....
#.w......').))#
#...w....######
##§####### #.†...##
#####..# ##@#
######r####
#.........#
#.........# ..
#.........#...
#.........#...
#....w........
#.........####
#####.....#


You could see Gastronok and a river rat.

Vanquished Creatures
  Pikel (D:8)
  An ugly thing (D:8)
  The ghost of sugabear the Ducker, a novice GrGl of Kikubaaqudgha (D:7)
  A two-headed ogre (D:8)
  A queen bee (D:8)
  Grinder (D:3)
  Sigmund (D:3)
  2 deep elf magi
  A hungry ghost (D:7)
  3 ice beasts
  7 orc warriors
  2 slaves (D:8)
  2 black bears
  2 phantoms
  10 ogres
  6 centaurs
  A crocodile (D:4)
  2 big kobolds (D:5)
  6 giant frogs
  A gnoll sergeant (D:5)
  A wyvern skeleton (D:6)
  3 scorpions
  11 wights
  27 killer bees
  A hound (D:4)
  2 crimson imps
  4 orc priests
  A centaur zombie (D:8)
  2 iguanas (D:7)
  4 jellies
  A gnoll shaman (D:9)
  7 orc wizards
  7 worker ants
  2 centaur skeletons
  A hound skeleton (D:4)
  A worker ant zombie (D:6)
  7 adders
  13 gnolls
  2 shadow imps
  An ooze (D:7)
  2 adder skeletons
  2 worms
  43 orcs
  2 ball pythons
  2 bats (D:3)
  4 giant cockroaches
  2 hobgoblins
  2 jackals (D:6)
  5 quokkas
  5 giant geckos
  4 giant newts
  3 goblins (D:1)
  A jackal zombie (D:5)
  46 kobolds
  5 rats
278 creatures vanquished.

Notes
Turn   | Place    | Note
--------------------------------------------------------------
     0 | D:1      | rutigerpupkin the Gargoyle Fire Elementalist began the quest for the Orb.
     0 | D:1      | Reached XP level 1. HP: 10/10 MP: 3/3
   369 | D:1      | Reached XP level 2. HP: 15/15 MP: 0/5
   935 | D:2      | Found a faded altar to an unknown god.
   948 | D:2      | Reached XP level 3. HP: 19/19 MP: 0/7
   953 | D:2      | Learned a level 3 spell: Conjure Flame
  1442 | D:2      | Reached XP level 4. HP: 22/24 MP: 6/8
  1542 | D:3      | Noticed bracobe's ghost (amateur DDFi)
  1574 | D:3      | Found a stormy altar of Qazlal.
  2108 | D:3      | Reached skill level 4 in Fire Magic
  2120 | D:3      | Noticed Grinder
  2265 | D:4      | Noticed an ice beast
  2275 | D:4      | Killed an ice beast
  2275 | D:4      | Reached XP level 5. HP: 28/28 MP: 0/10
  2363 | D:4      | Noticed an ogre
  2368 | D:4      | Noticed a crocodile
  2371 | D:4      | Killed an ogre
  2371 | D:4      | Reached XP level 6. HP: 32/32 MP: 3/12
  2608 | D:4      | Reached skill level 5 in Fire Magic
  2666 | D:4      | Noticed a phantom
  2911 | D:3      | Noticed Sigmund
  2921 | D:3      | Killed Sigmund
  2921 | D:3      | Reached XP level 7. HP: 36/36 MP: 2/14
  3133 | D:3      | Paralysed by Grinder for 5 turns
  3145 | D:3      | Paralysed by Grinder for 6 turns
  3155 | D:3      | Killed Grinder
  3155 | D:3      | Reached skill level 5 in Spellcasting
  3155 | D:3      | Reached skill level 6 in Fire Magic
  3580 | D:4      | Learned a level 4 spell: Sticky Flame
  3592 | D:4      | Killed a crocodile
  3658 | D:4      | Reached XP level 8. HP: 28/41 MP: 10/16
  3748 | D:4      | Killed a phantom
  3925 | D:4      | Noticed an ogre
  3960 | D:4      | Killed an ogre
  3960 | D:4      | Reached skill level 5 in Conjurations
  4176 | D:5      | Entered Level 5 of the Dungeon
  4279 | D:5      | Found a basalt altar of Yredelemnul.
  4822 | D:5      | Reached skill level 1 in Fighting
  4822 | D:5      | Reached skill level 1 in Shields
  4822 | D:5      | Reached skill level 7 in Fire Magic
  5504 | D:5      | Reached XP level 9. HP: 48/48 MP: 11/18
  5600 | D:5      | Learned a level 3 spell: Stone Arrow
  5606 | D:5      | Learned a level 5 spell: Fireball
  6352 | D:6      | Found a sparkling altar of Nemelex Xobeh.
  6741 | D:6      | Reached skill level 1 in Earth Magic
  6803 | D:6      | Reached skill level 8 in Fire Magic
  7787 | D:7      | Noticed sugabear's ghost (novice GrGl)
  8086 | D:7      | Reached XP level 10. HP: 53/56 MP: 16/20
  8100 | D:7      | Killed sugabear's ghost
  8100 | D:7      | Reached skill level 9 in Fire Magic
  8557 | D:7      | Found an ancient bone altar of Kikubaaqudgha.
  8559 | D:7      | Found a burning altar of Makhleb.
  8562 | D:7      | Found a shimmering altar of Xom.
  8563 | D:7      | Found a deep blue altar of Sif Muna.
  8888 | D:7      | Found a staircase to the Ecumenical Temple.
  8896 | Temple   | Entered the Ecumenical Temple
  8908 | Temple   | Became a worshipper of Vehumet
  9827 | D:8      | Noticed a cyan ugly thing
  9847 | D:8      | Killed a cyan ugly thing
  9885 | D:8      | Reached skill level 5 in Shields
  9940 | D:8      | Reached * piety under Vehumet
  9940 | D:8      | Offered knowledge of Sting by Vehumet.
 10148 | D:8      | Reached skill level 5 in Fighting
 10473 | D:8      | Reached skill level 10 in Fire Magic
 10515 | D:8      | Reached XP level 11. HP: 64/64 MP: 16/22
 10700 | D:8      | Noticed Pikel
 10707 | D:8      | Killed Pikel
 11164 | D:9      | Reached skill level 5 in Earth Magic
 11512 | D:8      | Offered knowledge of Shock by Vehumet.
 11529 | D:8      | Reached ** piety under Vehumet
 11871 | D:9      | Found a shadowy altar of Dithmenos.
 12009 | D:9      | Noticed Gastronok
 12132 | D:9      | Killed from afar by Gastronok

Action                   |  1- 3 |  4- 6 |  7- 9 | 10-12 || total
-------------------------+-------+-------+-------+-------++-------
Melee: Unarmed           |     5 |       |       |       ||     5
       Morningstar       |       |    30 |    77 |       ||   107
       Short sword       |       |       |    29 |    15 ||    44
       Mace              |       |       |       |    86 ||    86
 Cast: Flame Tongue      |    42 |    85 |   265 |   297 ||   689
       Conjure Flame     |       |     5 |    18 |    14 ||    37
       Sticky Flame      |       |       |    18 |    24 ||    42
       Stone Arrow       |       |       |     4 |     2 ||     6
       Fireball          |       |       |       |    10 ||    10
Evoke: Wand              |       |       |       |     2 ||     2
  Use: Scroll            |       |       |       |     1 ||     1
 Stab: Sleeping          |       |     1 |       |       ||     1
  Eat: Chunk             |     2 |     5 |    15 |    16 ||    38
       Bread ration      |       |       |     1 |       ||     1
       Fruit             |       |       |     1 |       ||     1
       Beef jerky        |       |       |       |     1 ||     1
